[Event "Titled Tuesday Blitz November 01 Late 2022"]
[White "Bettalli, Francesco"]
[Black "Polster, Christian"]
[WhiteFideId "2816453"]
[BlackFideId "12965081"]
[WhiteElo "2216"]
[BlackElo "2209"]
[Result "1-0"]
[Round "07"]
[TimeControl "180+1"]
[Date "2022.11.02"]
[WhiteClock "0:00:21"]
[BlackClock "0:00:02"]

1. d4 d5 2. Nc3 Nf6 3. Bg5 Nbd7 4. Qd3 h6 5. Bxf6 Nxf6 6. O-O-O c6 7. e4 dxe4 8. Nxe4 Nxe4 9. Qxe4 Be6 10. c4 Qa5 11. d5 cxd5 12. cxd5 Rc8+ 13. Kb1 Bd7 14. Nf3 g6 15. Bd3 Bg7 16. d6 Be6 17. a3 exd6 18. Nd4 Qe5 19. Qxe5 Bxe5 20. Nxe6 fxe6 21. Bxg6+ Ke7 22. Be4 b6 23. g3 d5 24. Bg2 Kd6 25. f4 Bf6 26. Rhe1 Rc4 27. f5 exf5 28. Rxd5+ Kc7 29. Rxf5 Rf8 30. Ref1 1-0


[Site "https://www.chess.com"]

[Event "Titled Tuesday Blitz November 01 Late 2022"]
[White "Bjelobrk, Igor"]
[Black "Jaskolka, Tomasz"]
[WhiteFideId "4300726"]
[BlackFideId "1170791"]
[WhiteElo "2335"]
[BlackElo "2126"]
[Result "1-0"]
[Round "07"]
[TimeControl "180+1"]
[Date "2022.11.02"]
[WhiteClock "0:02:02"]
[BlackClock "0:01:25"]

1. Nf3 d5 2. c4 c6 3. d4 Nf6 4. Qc2 g6 5. cxd5 cxd5 6. Bf4 Nc6 7. e3 Bg7 8. Be2 Bf5 9. Qb3 O-O 10. Nc3 Qb6 11. Qxb6 axb6 12. O-O Rfd8 13. Rfc1 Ne4 14. Bc7 Rdc8 15. Bxb6 e6 16. Nxe4 Bxe4 17. Nd2 Bf5 18. g4 Be4 19. f3 e5 20. fxe4 dxe4 21. d5 Nb4 22. Rxc8+ Rxc8 23. d6 Nc6 24. d7 Ra8 25. Bb5 Bf6 26. Bxc6 bxc6 27. Nc4 Kf8 28. a4 Ke7 29. d8=Q+ 1-0


[Site "https://www.chess.com"]

[Event "Titled Tuesday Blitz November 01 Late 2022"]
[White "Buchenau, Frank"]
[Black "Barria Zuniga, Daniel"]
[WhiteFideId "4604350"]
[BlackFideId "3400816"]
[WhiteElo "2157"]
[BlackElo "2414"]
[Result "0-1"]
[Round "07"]
[TimeControl "180+1"]
[Date "2022.11.02"]
[WhiteClock "0:00:07"]
[BlackClock "0:00:07"]

1. e4 c5 2. Nf3 Nc6 3. Bb5 Na5 4. O-O a6 5. Be2 b5 6. Re1 Bb7 7. Bf1 e6 8. c3 Nf6 9. e5 Nd5 10. d3 Be7 11. Nbd2 O-O 12. Ne4 Rc8 13. Bg5 Bxg5 14. Nfxg5 f5 15. exf6 gxf6 16. Nf3 Qe7 17. Qd2 Nc6 18. Qh6 Rf7 19. Rad1 Rcf8 20. a3 f5 21. Neg5 Rg7 22. Nxe6 dxe6 23. Rxe6 Rf6 24. Rxf6 Qxf6 25. Qh5 Qf7 26. Qh4 Rg4 27. Qh6 Qg6 28. Qd2 Nf4 29. g3 Ne6 30. Re1 f4 31. Bh3 fxg3 32. fxg3 h5 33. Bxg4 hxg4 34. Nh4 Qf6 35. Qe2 Ng5 36. Qxg4 Ne5 37. Rf1 Nf3+ 38. Nxf3 Bxf3 39. h4 Bxg4 40. Rxf6 Nf3+ 41. Kf2 Ne5 42. Rxa6 Nxd3+ 43. Ke3 Nxb2 44. Kf4 Be2 45. g4 Nd1 46. Kg5 Nxc3 47. Kg6 Kf8 48. Ra8+ Ke7 49. g5 b4 50. Ra7+ Kd6 51. axb4 cxb4 52. Rb7 Nb5 53. h5 b3 54. h6 b2 55. Rb6+ Kc7 56. Rxb5 Bxb5 57. h7 Bd3+ 58. Kg7 Bxh7 59. Kxh7 b1=Q+ 60. g6 Kd7 61. Kh6 Ke7 62. g7 Kf7 63. g8=Q+ Kxg8 0-1


[Site "https://www.chess.com"]

[Event "Titled Tuesday Blitz November 01 Late 2022"]
[White "Burcu, Cagatay"]
[Black "Indjic, Aleksandar"]
[WhiteFideId "6310630"]
[BlackFideId "911925"]
[WhiteElo "2231"]
[BlackElo "2592"]
[Result "0-1"]
[Round "07"]
[TimeControl "180+1"]
[Date "2022.11.01"]
[WhiteClock "0:02:12"]
[BlackClock "0:02:55"]

1. d4 Nf6 2. Bf4 c5 3. d5 g6 4. Nc3 Bg7 5. e4 d6 6. Nf3 O-O 7. Be2 b5 8. Bxb5 Nxe4 9. Nxe4 Qa5+ 10. Nc3 Bxc3+ 11. bxc3 Qxb5 12. Rb1 Qc4 13. Qd3 Qxf4 0-1


[Site "https://www.chess.com"]

[Event "Titled Tuesday Blitz November 01 Late 2022"]
[White "Burke, Paul"]
[Black "Antonio, Jorge Carlos"]
[WhiteFideId "2605767"]
[BlackFideId "113190"]
[WhiteElo "1868"]
[BlackElo "2247"]
[Result "1/2-1/2"]
[Round "07"]
[TimeControl "180+1"]
[Date "2022.11.02"]
[WhiteClock "0:00:17"]
[BlackClock "0:00:06"]

1. e4 c5 2. d4 cxd4 3. c3 dxc3 4. Nxc3 e6 5. Nf3 Nc6 6. Bf4 a6 7. Bd3 Bb4 8. Qe2 Bxc3+ 9. bxc3 Qa5 10. Rd1 Qxc3+ 11. Kf1 Nd4 12. Nxd4 Qxd4 13. Bb1 Qb6 14. Kg1 Nf6 15. h4 O-O 16. Rh3 e5 17. Be3 Qa5 18. Rg3 b5 19. Bh6 Ne8 20. h5 Qb6 21. Qd2 Qf6 22. Bg5 Qe6 23. Bh6 Qf6 24. Bg5 Qe6 25. Bh6 Kh8 26. Bg5 h6 27. Be3 Bb7 28. Bc5 d6 29. Be3 Rd8 30. Bc2 d5 31. Bb3 Nf6 32. Bxh6 Nxh5 33. exd5 Qxh6 34. Rh3 Qxd2 35. Rxd2 g6 36. g4 Bc8 37. Rh4 Kg7 38. gxh5 g5 39. h6+ Kh8 40. Rh5 f6 41. d6 Bg4 42. Rh2 Rd7 43. Rg2 Bf5 44. a4 Rfd8 45. axb5 axb5 46. Ra2 Rxd6 47. Ra7 R8d7 48. Ra8+ Kh7 49. Rh2 Rd3 50. Bc2 Rd1+ 51. Bxd1 Rxd1+ 52. Kg2 Be4+ 53. f3 Bxa8 54. Kg3 Rd2 55. Rh1 Rh2 56. Rxh2 b4 57. Rb2 Kxh6 58. Rxb4 Bd5 59. Rb6 Kg6 60. Rd6 Bc4 61. Rc6 Bd3 62. Rd6 e4 63. fxe4 Bxe4 64. Rb6 Kf5 65. Rb5+ Ke6 66. Rb6+ Ke5 67. Rb5+ Bd5 68. Rb6 f5 69. Rb5 Ke4 70. Rb4+ Ke5 71. Rb5 Kf6 72. Rb6+ Ke5 73. Rb5 1/2-1/2


[Site "https://www.chess.com"]

[Event "Titled Tuesday Blitz November 01 Late 2022"]
[White "ChessBrah"]
[Black "Vusatiuk, Vladimir"]
[BlackFideId "14118610"]
[WhiteElo "2907"]
[BlackElo "2208"]
[Result "1/2-1/2"]
[Round "07"]
[TimeControl "180+1"]
[Date "2022.11.01"]
[WhiteClock "0:00:02"]
[BlackClock "0:00:07"]

1. d4 Nf6 2. c4 c6 3. Nf3 d5 4. e3 g6 5. Bd3 Bg7 6. O-O O-O 7. b3 Bg4 8. Nbd2 Nbd7 9. h3 Bxf3 10. Nxf3 e6 11. Ba3 Re8 12. Qc2 e5 13. dxe5 Nxe5 14. Nxe5 Rxe5 15. Rad1 Re8 16. Bb2 Qe7 17. Bd4 dxc4 18. Bxc4 Ne4 19. Bxg7 Kxg7 20. Rd4 Rad8 21. Rfd1 Nf6 22. a4 Rxd4 23. Rxd4 Qe5 24. Qd1 Re7 25. Be2 h5 26. Bf3 c5 27. Rd3 b6 28. g3 h4 29. gxh4 Re8 30. Qc2 Rh8 31. Qc4 Qf5 32. Kg2 Rxh4 33. Qxh4 Qxd3 34. Qc4 Qxc4 35. bxc4 Nd7 36. Be2 f5 37. f4 Kf6 38. h4 Ke6 39. h5 gxh5 40. Bxh5 Nf6 41. Bf3 Ne8 42. Kg3 Nd6 43. Bd5+ Kf6 44. Kh4 Ne8 45. Kh5 Nd6 46. Kh6 Nc8 47. Kh7 Nd6 48. Kg8 Ne8 49. Kf8 Nd6 50. Bg8 Ne4 51. Bd5 Nc3 52. Bc6 Nd1 53. Ke8 Nxe3 54. Bb5 Ng2 55. Kd7 Nxf4 56. Kc7 Ne6+ 57. Kb7 Nd4 58. Kxa7 Nxb5+ 59. cxb5 c4 60. a5 bxa5 61. b6 c3 62. b7 c2 63. b8=Q c1=Q 64. Qd6+ Kg5 65. Qg3+ Kf6 66. Qd6+ Kf7 67. Qd7+ Kg6 68. Qd6+ Kh5 69. Qh2+ Kg4 70. Qg2+ Kf4 71. Qh2+ Ke4 72. Qg2+ Kd4 73. Qf2+ Ke4 74. Qg2+ Ke3 75. Qg3+ Ke4 76. Qg2+ 1/2-1/2


[Site "https://www.chess.com"]

[Event "Titled Tuesday Blitz November 01 Late 2022"]
[White "Chigaev, Maksim"]
[Black "Martinez Alcantara, Jose Eduardo"]
[WhiteFideId "4108116"]
[BlackFideId "3805662"]
[WhiteElo "2537"]
[BlackElo "2703"]
[Result "0-1"]
[Round "07"]
[TimeControl "180+1"]
[Date "2022.11.01"]
[WhiteClock "0:00:04"]
[BlackClock "0:00:09"]

1. Nf3 c5 2. c4 Nc6 3. Nc3 g6 4. e3 Bg7 5. d4 d6 6. d5 Nb4 7. a3 Na6 8. Bd2 Nf6 9. e4 O-O 10. h3 e5 11. Bd3 Nh5 12. O-O Nf4 13. Bc2 Bd7 14. Re1 h6 15. Bxf4 exf4 16. e5 dxe5 17. Nxe5 Re8 18. Nxd7 Rxe1+ 19. Qxe1 Qxd7 20. Ba4 Qd6 21. Rd1 Rd8 22. Ne4 Qb6 23. b3 Nc7 24. b4 Na6 25. Bb5 cxb4 26. axb4 Nc7 27. Ba4 Qa6 28. Bb3 Qa3 29. Bc2 Qb2 30. Bd3 b5 31. d6 Ne6 32. c5 f3 33. Qd2 Qe5 34. c6 Nf4 35. c7 Rf8 36. gxf3 Nxh3+ 37. Kg2 Nf4+ 38. Kf1 Qf5 39. Ng3 Qh3+ 40. Ke1 Be5 41. Be4 Qg2 42. Qe3 Qg1+ 43. Kd2 Qh2 44. Kc2 Ne6 45. d7 Bxc7 46. Bd5 Nd8 47. Ne4 Qe5 48. f4 Qf5 49. Qc3 Bxf4 50. Kb3 Be5 51. Qc5 Bg7 52. f3 Qxf3+ 53. Kc2 Qe2+ 54. Rd2 Qg4 55. Qxb5 Qf5 56. Qd3 h5 57. Nc5 Qe5 58. Re2 Qb2+ 59. Kd1 Qxb4 60. Ne4 Qa4+ 61. Bb3 Qa1+ 62. Kc2 Qb2+ 63. Kd1 Qa1+ 64. Kc2 Qa5 65. Nd6 Qc7+ 66. Nc4 Nc6 67. Re8 Nb4+ 68. Kd2 Nxd3 0-1


[Site "https://www.chess.com"]

[Event "Titled Tuesday Blitz November 01 Late 2022"]
[White "Curtis, John"]
[Black "Marcolino, Daniel Mattos"]
[WhiteFideId "3200256"]
[BlackFideId "2106841"]
[WhiteElo "2203"]
[BlackElo "2065"]
[Result "0-1"]
[Round "07"]
[TimeControl "180+1"]
[Date "2022.11.02"]
[WhiteClock "0:01:32"]
[BlackClock "0:00:32"]

1. e4 c6 2. d4 d5 3. Nd2 dxe4 4. Nxe4 Nd7 5. Qe2 Ndf6 6. Nf3 Nxe4 7. Qxe4 Nf6 8. Qh4 Bf5 9. c3 e6 10. Bg5 Be7 11. Ne5 h6 12. Bd3 Bxd3 13. Nxd3 O-O 14. Bxf6 Bxf6 15. Qe4 Re8 16. O-O-O Qa5 17. Kb1 e5 18. dxe5 Bxe5 19. Rhe1 Bxh2 20. Qxe8+ Rxe8 21. Rxe8+ Kh7 22. Rh1 Bd6 23. g4 Qd5 24. Rd1 Qf3 25. Kc2 Qxg4 26. Rd8 Be7 27. Rb8 b5 28. Rb7 Bf6 29. Rxf7 Qa4+ 30. Kc1 Qxa2 31. Rc7 Qa1+ 32. Kc2 Qa4+ 33. Kc1 Bg5+ 34. f4 Bxf4+ 35. Nxf4 Qxf4+ 36. Rd2 Qxc7 0-1


[Site "https://www.chess.com"]

[Event "Titled Tuesday Blitz November 01 Late 2022"]
[White "Deac, Bogdan-Daniel"]
[Black "Baskakov, Egor"]
[WhiteFideId "1226380"]
[BlackFideId "24197866"]
[WhiteElo "2648"]
[BlackElo "2211"]
[Result "1-0"]
[Round "07"]
[TimeControl "180+1"]
[Date "2022.11.01"]
[WhiteClock "0:01:04"]
[BlackClock "0:01:11"]

1. Nf3 Nf6 2. c4 e6 3. b3 d5 4. Bb2 Be7 5. g3 O-O 6. Bg2 b6 7. O-O Bb7 8. cxd5 exd5 9. d4 Ne4 10. Nc3 f5 11. Rc1 a6 12. e3 Nd7 13. Ne2 Bd6 14. Nf4 Qe7 15. h4 Rae8 16. Qc2 g6 17. Ne5 Qg7 18. Rfd1 Re7 19. Nc6 Ree8 20. Nxd5 Nxg3 21. fxg3 Bxg3 22. Qe2 Qh6 23. Nde7+ Kh8 24. d5+ Nf6 25. h5 Bd6 26. hxg6 Bxc6 27. g7+ Qxg7 28. Nxf5 Qg5 29. Nxd6 Bb5 30. Nxb5 Rxe3 31. Qf2 axb5 32. Rc6 1-0


[Site "https://www.chess.com"]

[Event "Titled Tuesday Blitz November 01 Late 2022"]
[White "Dehtiarov, Roman"]
[Black "Mahdavi, Reza"]
[WhiteFideId "14186640"]
[BlackFideId "12595926"]
[WhiteElo "2200"]
[BlackElo "2240"]
[Result "0-1"]
[Round "07"]
[TimeControl "180+1"]
[Date "2022.11.01"]
[WhiteClock "0:00:06"]
[BlackClock "0:00:08"]

1. e4 c5 2. Nc3 e6 3. f4 Nc6 4. Nf3 a6 5. g3 d5 6. Bg2 b5 7. e5 h5 8. O-O Nh6 9. Ne2 Nf5 10. d4 Qb6 11. c3 a5 12. Bh3 Nh6 13. Be3 Ng4 14. Bxg4 hxg4 15. Ng5 f6 16. Nxe6 Bxe6 17. f5 Bc8 18. Nf4 cxd4 19. cxd4 Bb7 20. Qxg4 O-O-O 21. Rac1 Kb8 22. Ng6 Nxe5 23. Qf4 Rh5 24. Nxf8 Ka8 25. Ne6 Nd3 26. Qc7 Qxc7 27. Rxc7 Rc8 28. Rc3 Nxb2 29. Rxc8+ Bxc8 30. Rb1 Nc4 31. Bf2 b4 32. Nc7+ Kb7 33. Nxd5 Bxf5 34. Rc1 Nd6 35. Rc7+ Kb8 36. Rxg7 Bb1 37. Nxf6 Rf5 38. Nd7+ Kc7 39. d5 Rf7 40. Rxf7 Nxf7 41. Nc5 Bxa2 0-1


[Site "https://www.chess.com"]

[Event "Titled Tuesday Blitz November 01 Late 2022"]
[White "Dimitrov, Atanas"]
[Black "Gorodetzky, David"]
[WhiteFideId "2901315"]
[BlackFideId "2813416"]
[WhiteElo "2756"]
[BlackElo "2487"]
[Result "0-1"]
[Round "07"]
[TimeControl "180+1"]
[Date "2022.11.01"]
[WhiteClock "0:00:20"]
[BlackClock "0:00:23"]

1. e4 e5 2. Nc3 Nf6 3. f4 d5 4. fxe5 Nxe4 5. Qf3 Nc6 6. Bb5 Bc5 7. Nxe4 dxe4 8. Qxe4 O-O 9. Nf3 Re8 10. Bxc6 bxc6 11. d4 Be7 12. O-O Qd5 13. Qd3 a5 14. Bf4 Ba6 15. Qd1 Bxf1 16. Qxf1 c5 17. c3 cxd4 18. cxd4 Rab8 19. b3 a4 20. bxa4 Rb4 21. Rc1 c5 22. Bd2 Rxa4 23. dxc5 Bxc5+ 24. Kh1 Rxa2 25. Bf4 Rf2 26. Qd1 Qxd1+ 27. Rxd1 h6 28. h3 Ra8 29. Bg3 Re2 30. Rd5 Ra1+ 31. Kh2 Raa2 32. Ne1 Bb4 33. Rd8+ Kh7 34. Rd1 Bxe1 35. Bxe1 Rxg2+ 36. Kh1 Rge2 37. Kg1 Rxe5 38. Bf2 Rg5+ 0-1


[Site "https://www.chess.com"]

[Event "Titled Tuesday Blitz November 01 Late 2022"]
[White "Djokic, Mihailo"]
[Black "Li, Ben"]
[WhiteFideId "976440"]
[BlackFideId "2089980"]
[WhiteElo "2600"]
[BlackElo "2758"]
[Result "1-0"]
[Round "07"]
[TimeControl "180+1"]
[Date "2022.11.02"]
[WhiteClock "0:00:03"]
[BlackClock "0:00:04"]

1. e4 e5 2. Nf3 Nc6 3. Nc3 Nf6 4. Bb5 Bb4 5. O-O O-O 6. d3 d6 7. Bg5 Bxc3 8. bxc3 Bd7 9. Re1 a6 10. Ba4 h6 11. Bh4 Ne7 12. Bb3 Ng6 13. Bg3 c5 14. d4 Qe7 15. a4 Rad8 16. a5 Bc6 17. Qd3 Nh5 18. Qe3 Nhf4 19. Bc4 Rfe8 20. Nd2 h5 21. Bxf4 Nxf4 22. g3 Ng6 23. dxc5 dxc5 24. Nb3 h4 25. Qxc5 Qf6 26. Qe3 hxg3 27. hxg3 Rd6 28. Rad1 Red8 29. Rxd6 Qxd6 30. Nc5 Qc7 31. Qg5 Nf8 32. Nd3 Re8 33. Qf5 Ba4 34. Bd5 Bxc2 35. Re3 Re7 36. Nb4 Ba4 37. Rf3 Ne6 38. Bxe6 Rxe6 39. Nd5 Qd7 40. Nb6 Qd1+ 41. Kg2 Be8 42. Nd5 Qe2 43. Re3 Qc4 44. Rf3 Qc5 45. Qg5 f6 46. Nxf6+ Rxf6 47. Rxf6 Qxa5 48. Re6 Bc6 49. Re7 Bxe4+ 50. Kh2 g6 51. Qf6 Qc7 52. Qg7# 1-0


[Site "https://www.chess.com"]

[Event "Titled Tuesday Blitz November 01 Late 2022"]
[White "Djordjevic, Vuk"]
[Black "Ozer, Omer Faruk"]
[WhiteFideId "902098"]
[BlackFideId "6354564"]
[WhiteElo "2798"]
[BlackElo "2626"]
[Result "0-1"]
[Round "07"]
[TimeControl "180+1"]
[Date "2022.11.02"]
[WhiteClock "0:00:02"]
[BlackClock "0:00:45"]

1. d4 Nf6 2. Bg5 Ne4 3. Bf4 Nc6 4. f3 Nf6 5. d5 e5 6. Bc1 Ne7 7. e4 Ng6 8. Be3 c6 9. c4 Bb4+ 10. Nc3 O-O 11. Nh3 Qa5 12. Qd2 b5 13. cxb5 cxd5 14. exd5 Bb7 15. Bc4 Rac8 16. Qd3 e4 17. Qd4 Bc5 18. Qxc5 Rxc5 19. Bxc5 Rc8 20. b4 Qa3 21. O-O Qxc3 22. Rac1 Qe5 23. f4 Qb8 24. d6 Bd5 25. Be2 Nf8 26. f5 Qb7 27. a4 e3 28. Nf4 Ne4 29. Bf3 e2 30. Rfe1 g5 31. Nxd5 Qxd5 32. Rxe2 Rxc5 33. bxc5 Qd4+ 34. Kh1 Nxc5 35. Ree1 Nd3 36. Red1 Nf2+ 37. Kg1 Nxd1+ 38. Kf1 Qf2# 0-1


[Site "https://www.chess.com"]

[Event "Titled Tuesday Blitz November 01 Late 2022"]
[White "Do Nascimento,Christian Almeida"]
[Black "Jimenez Fernandez, Rebeca"]
[WhiteFideId "2143801"]
[BlackFideId "32070934"]
[WhiteElo "2079"]
[BlackElo "1946"]
[Result "1-0"]
[Round "07"]
[TimeControl "180+1"]
[Date "2022.11.02"]
[WhiteClock "0:00:14"]
[BlackClock "0:00:01"]

1. e4 c5 2. Nf3 Nc6 3. Nc3 g6 4. d4 cxd4 5. Nxd4 Bg7 6. Be3 Nf6 7. Bc4 Qa5 8. O-O O-O 9. Bb3 d6 10. f3 Bd7 11. Qd2 Rac8 12. Rad1 Ne5 13. Nd5 Qd8 14. Bh6 Nxd5 15. Bxg7 Kxg7 16. Bxd5 Nc4 17. Bxc4 Rxc4 18. b3 Rc5 19. c4 b5 20. cxb5 Bxb5 21. Rfe1 Qb6 22. Kh1 Rfc8 23. Qb2 Kg8 24. f4 e5 25. Nxb5 Rxb5 26. Qd2 Ra5 27. fxe5 dxe5 28. Rf1 Rac5 29. Qf2 Qe6 30. Rd2 Rc1 31. Rdd1 R1c2 32. Qf3 R8c7 33. h3 Rxa2 34. Qe3 Rcc2 35. Qh6 Qe8 36. Rg1 Qc8 37. Qh4 Kg7 38. Rd6 Rab2 39. Qf6+ Kg8 40. Rd8+ Qxd8 41. Qxd8+ Kg7 42. Qd5 f6 43. Qd7+ Kh6 44. Qf7 Kg5 45. h4+ Kxh4 46. Qxf6+ 1-0


[Site "https://www.chess.com"]

[Event "Titled Tuesday Blitz November 01 Late 2022"]
[White "Drygalov, Sergey"]
[Black "Rustemov, Alexander"]
[WhiteFideId "24171743"]
[BlackFideId "4119002"]
[WhiteElo "2528"]
[BlackElo "2917"]
[Result "0-1"]
[Round "07"]
[TimeControl "180+1"]
[Date "2022.11.01"]
[WhiteClock "0:00:04"]
[BlackClock "0:00:21"]

1. d4 d5 2. c4 c6 3. Nf3 Nf6 4. Nc3 a6 5. c5 Bf5 6. Bf4 Nbd7 7. e3 h6 8. h3 e6 9. Qb3 Qc8 10. Be2 Be7 11. O-O O-O 12. Na4 Re8 13. Rac1 Bd8 14. Ne5 Bc7 15. Nxd7 Nxd7 16. Bxc7 Qxc7 17. Nb6 Rad8 18. f4 f6 19. Bf3 Bg6 20. Bg4 Nxb6 21. Qxb6 Qe7 22. Kh1 Be4 23. Bf3 Bxf3 24. Rxf3 e5 25. fxe5 fxe5 26. Rcf1 Rd7 27. b4 exd4 28. exd4 Qe2 29. a4 Re6 30. Qa7 Re8 31. Qb6 Qb2 32. Rf4 Rde7 33. b5 axb5 34. axb5 Qxb5 35. Qxb5 cxb5 36. Rb1 Re1+ 37. Rf1 Rxf1+ 38. Rxf1 Re4 39. Rb1 Rxd4 40. Rxb5 Rc4 41. Kg1 Kh7 42. Kf2 Kg6 43. Ke3 h5 44. Kd3 h4 45. Rb6+ Kh7 46. Rb5 Kh6 47. Rb6+ g6 48. Rb5 g5 49. Rb6+ Kh5 50. Rb5 Kg6 51. Rb6+ Kf5 52. Rb5 Kf4 53. Rxb7 Rxc5 54. Rb3 Rc4 55. Ke2 Rc2+ 56. Kf1 d4 57. Rb8 d3 58. Rf8+ Ke3 59. Re8+ Kd4 60. Rd8+ Kc3 61. Rc8+ Kd2 62. Rd8 Rc5 63. Kf2 Rf5+ 64. Kg1 Ke3 65. Re8+ Kd4 66. Rd8+ Rd5 0-1


[Site "https://www.chess.com"]

[Event "Titled Tuesday Blitz November 01 Late 2022"]
[White "Esipenko, Andrey"]
[Black "Rasulov, Vugar"]
[WhiteFideId "24175439"]
[BlackFideId "13402390"]
[WhiteElo "2619"]
[BlackElo "2509"]
[Result "0-1"]
[Round "07"]
[TimeControl "180+1"]
[Date "2022.11.01"]
[WhiteClock "0:00:07"]
[BlackClock "0:00:06"]

1. d4 Nf6 2. Nf3 d5 3. e3 g6 4. b4 Bg7 5. Bb2 O-O 6. c4 b6 7. Nbd2 Bb7 8. cxd5 Nxd5 9. Qb3 a5 10. bxa5 Nc6 11. axb6 Na5 12. Qd1 c5 13. Be2 cxd4 14. Nxd4 Nf4 15. exf4 Bxd4 16. Bxd4 Qxd4 17. O-O Rfd8 18. Nf3 Qxf4 19. Qc1 Qf6 20. Qc5 Rdc8 21. Qb4 Rc2 22. Nd4 Nc6 23. Nxc6 Rxc6 24. Rab1 Rc2 25. Bd3 Rcxa2 26. Qg4 e6 27. Qg3 Rc8 28. Bb5 Kg7 29. Bd7 Rcc2 30. Qb8 Bxg2 31. Kxg2 Rxf2+ 32. Kg1 Qd4 0-1


[Site "https://www.chess.com"]

[Event "Titled Tuesday Blitz November 01 Late 2022"]
[White "Estrada Nieto, Julian"]
[Black "Wieczorek, Zbigniew"]
[WhiteFideId "5101018"]
[BlackFideId "1102001"]
[WhiteElo "2252"]
[BlackElo "2286"]
[Result "0-1"]
[Round "07"]
[TimeControl "180+1"]
[Date "2022.11.02"]
[WhiteClock "0:00:18"]
[BlackClock "0:00:10"]

1. e4 g6 2. d4 Bg7 3. Nf3 d6 4. Nc3 a6 5. a4 b6 6. Be2 Bb7 7. O-O Nd7 8. Re1 e6 9. Bg5 Ne7 10. h4 h6 11. Bf4 Nf6 12. Bd3 O-O 13. Qd2 Ng4 14. Bg3 e5 15. dxe5 dxe5 16. Rad1 Qd6 17. Qe2 Qb4 18. Bc4 Rfd8 19. h5 gxh5 20. Bh4 Rxd1 21. Rxd1 Ng6 22. Rd7 Rf8 23. Rxc7 Ba8 24. Bg3 Qxb2 25. Nd5 Bxd5 26. Bxd5 Qc1+ 27. Qf1 Qa3 28. Qd3 Qb4 29. c3 Qxa4 30. Nd2 Qa1+ 31. Nf1 Nf4 32. Bxf4 exf4 33. Qf3 Ne5 34. Qxf4 Qb2 35. Ne3 Qc1+ 36. Kh2 Ng4+ 37. Kg3 Be5 38. Bxf7+ Rxf7 39. Rxf7 Bxf4+ 40. Rxf4 Nxe3 41. fxe3 Qxe3+ 42. Rf3 Qxe4 43. Kf2 Qc2+ 44. Kg3 a5 45. Kh4 Qe4+ 46. Kxh5 Qxf3+ 47. gxf3 a4 48. Kg6 a3 49. f4 a2 50. f5 a1=Q 51. f6 Qxc3 52. f7+ Kf8 53. Kxh6 Qc7 54. Kg6 Qxf7+ 55. Kg5 b5 56. Kg4 b4 57. Kg5 b3 58. Kg4 b2 0-1


[Site "https://www.chess.com"]

[Event "Titled Tuesday Blitz November 01 Late 2022"]
[White "Fernandez Guillen, Ernesto J."]
[Black "Bluebaum, Matthias"]
[WhiteFideId "3512428"]
[BlackFideId "24651516"]
[WhiteElo "2422"]
[BlackElo "2633"]
[Result "1-0"]
[Round "07"]
[TimeControl "180+1"]
[Date "2022.11.01"]
[WhiteClock "0:00:04"]
[BlackClock "0:00:01"]

1. e4 e6 2. Nf3 d5 3. e5 c5 4. b4 b6 5. bxc5 bxc5 6. d3 Nc6 7. Bf4 Nge7 8. Nbd2 Qc7 9. Qe2 h6 10. h4 Nf5 11. c3 Qa5 12. Rc1 Qxa2 13. g4 Nfe7 14. Bg2 Qa5 15. d4 Ba6 16. Qe3 cxd4 17. cxd4 Nb4 18. Bf1 Nec6 19. Qc3 Rb8 20. Nb3 Qb6 21. Bd2 Be7 22. h5 O-O 23. g5 Rfc8 24. Nc5 Nxd4 25. Qxd4 Bxc5 26. Qg4 Bxf2+ 27. Kd1 Rxc1+ 28. Bxc1 Bxf1 29. Rxf1 Nd3 30. gxh6 Qb3+ 31. Ke2 Nxc1+ 32. Kxf2 Qc2+ 33. Kg1 Ne2+ 34. Kh1 g6 35. hxg6 Qxg6 36. Ng5 Rb3 37. Rxf7 Ng3+ 38. Kg2 Qc2+ 39. Kh3 Nf5+ 40. Nf3+ Kxf7 41. h7 1-0


[Site "https://www.chess.com"]

[Event "Titled Tuesday Blitz November 01 Late 2022"]
[White "Fishchuk, Vladyslav"]
[Black "Potapova, Margarita"]
[WhiteFideId "34122117"]
[BlackFideId "14126869"]
[WhiteElo "2054"]
[BlackElo "2150"]
[Result "1-0"]
[Round "07"]
[TimeControl "180+1"]
[Date "2022.11.02"]
[WhiteClock "0:00:11"]
[BlackClock "0:00:21"]

1. Nc3 d5 2. e4 dxe4 3. Nxe4 Nf6 4. Nxf6+ exf6 5. Bc4 Bd6 6. Nf3 O-O 7. d4 Bf5 8. Be3 c6 9. Qd2 Qc7 10. O-O-O b5 11. Bd3 Be6 12. Kb1 a5 13. Be4 f5 14. d5 fxe4 15. dxe6 exf3 16. Qxd6 Qxd6 17. Rxd6 fxe6 18. gxf3 Rxf3 19. Rxe6 Nd7 20. Rxc6 Ne5 21. Rc7 Nc4 22. Bd4 Rf7 23. Rxf7 Kxf7 24. Rg1 g6 25. b3 Nd2+ 26. Kc1 Nf3 27. Rg4 g5 28. Be3 h6 29. h3 Rd8 30. a4 b4 31. Rc4 Ng1 32. h4 Rd5 33. hxg5 Ne2+ 34. Kb2 hxg5 35. c3 Nxc3 36. Rc5 Rd1 37. Rxa5 g4 38. Ra7+ Kg6 39. Rb7 Nd5 40. Kc2 Re1 41. Bd4 Re4 42. Kd3 Rf4 43. Rg7+ Kh5 44. Rh7+ Kg6 45. Rb7 Kh5 46. Rb5 Rf5 47. Ke4 Rf4+ 48. Kxd5 g3 49. fxg3 Rf3 50. Kc4+ Kg4 51. a5 Rf1 52. Kxb4 Rc1 53. Bc5 Ra1 54. a6 Rxa6 55. Rb6 Ra2 56. Kb5 Kxg3 57. b4 Rb2 58. Kc6 Kf3 59. b5 Ke4 60. Rb7 Kd3 61. b6 Kc4 62. Bd6 Rg2 63. Rc7 Rb2 64. b7 Rb3 65. Kd7+ Kd5 66. Kc8 Kxd6 67. b8=Q Rxb8+ 68. Kxb8 Kd5 69. Kb7 Kd6 70. Rc6+ Kd5 71. Kc7 Kd4 72. Kb6 Kd5 73. Rc5+ Kd4 74. Kc6 Kd3 75. Kb5 Kd4 76. Kb4 Kd3 77. Rc4 Ke3 78. Kc3 Ke2 79. Rd4 Ke3 80. Kc4 Ke2 81. Rd3 Kf2 82. Kd4 Ke2 83. Ke4 Kf2 84. Re3 Kf1 85. Kf3 Kg1 86. Re2 Kh1 87. Kg3 Kg1 88. Re1# 1-0


[Site "https://www.chess.com"]

[Event "Titled Tuesday Blitz November 01 Late 2022"]
[White "Gaehwiler, Gabriel"]
[Black "Bazzano, Sebastian"]
[WhiteFideId "1314530"]
[BlackFideId "104566"]
[WhiteElo "2418"]
[BlackElo "2215"]
[Result "1-0"]
[Round "07"]
[TimeControl "180+1"]
[Date "2022.11.02"]
[WhiteClock "0:01:39"]
[BlackClock "0:00:01"]

1. Nf3 Nf6 2. c4 g6 3. g3 Bg7 4. Bg2 O-O 5. O-O c5 6. d4 cxd4 7. Nxd4 Nc6 8. Nc2 d6 9. Nc3 a6 10. b3 Bd7 11. Bb2 Rb8 12. Nd5 Nxd5 13. Bxg7 Ne3 14. Nxe3 Kxg7 15. Rc1 Qa5 16. Qc2 Qh5 17. Rfd1 Bh3 18. Bf3 Qe5 19. Rd5 Qf6 20. Qd2 Be6 21. Ng4 Bxg4 22. Bxg4 h5 23. Bh3 h4 24. Bg2 hxg3 25. fxg3 Ne5 26. Rf1 Qe6 27. Rd4 Ng4 28. Rd3 Rh8 29. h4 f5 30. Rf4 Qe5 31. Rd5 Qa1+ 32. Rf1 Qf6 33. e4 e6 34. Rxd6 Rbd8 35. exf5 gxf5 36. c5 1-0


[Site "https://www.chess.com"]

[Event "Titled Tuesday Blitz November 01 Late 2022"]
[White "Gallegos Diaz, Carlos Alberto"]
[Black "Janaszak, Dawid"]
[WhiteFideId "3900886"]
[BlackFideId "1119206"]
[WhiteElo "2362"]
[BlackElo "2226"]
[Result "0-1"]
[Round "07"]
[TimeControl "180+1"]
[Date "2022.11.02"]
[WhiteClock "0:00:05"]
[BlackClock "0:00:14"]

1. e4 e5 2. Nf3 Nc6 3. Bb5 g6 4. O-O Bg7 5. c3 d6 6. d4 Bd7 7. Bg5 f6 8. Be3 Nh6 9. h3 O-O 10. Nbd2 Nf7 11. Re1 Qe7 12. a4 Ncd8 13. Qb3 Be6 14. Bc4 c6 15. a5 Rb8 16. dxe5 fxe5 17. Bxa7 Ra8 18. Bb6 Kh8 19. Rad1 Bh6 20. Qb4 Qf6 21. Bxd8 Rfxd8 22. Bxe6 Qxe6 23. Nc4 Rab8 24. Nb6 Bf8 25. Qc4 Qf6 26. Nh2 h5 27. Qe2 Be7 28. Qf3 Qe6 29. b4 Rf8 30. Qg3 Kg7 31. Nf3 Bf6 32. h4 Rbd8 33. Rd3 Qg4 34. Red1 Qxe4 35. Re3 Qf5 36. Rde1 d5 37. c4 d4 38. Re4 d3 39. R4e3 d2 40. Rd1 Qc2 41. Rf1 d1=Q 42. Rxd1 Rxd1+ 43. Kh2 Qc1 44. Qxg6+ Kxg6 0-1


[Site "https://www.chess.com"]